 Dungeon Crawl Stone Soup version 0.30.0-19-gbf45117a57 (webtiles) character file.

Game seed: 10168048376914721321

87 qw the Chopper (level 4, -1/28 HPs)
             Began as a Gargoyle Fighter on May 25, 2023.
             Slain by Grinder (2 damage)
             ... on level 3 of the Dungeon.
             The game lasted 00:00:42 (1386 turns).

qw the Chopper (Gargoyle Fighter)                   Turns: 1386, Time: 00:00:42

Health: -1/28      AC: 11    Str: 21      XL:     4   Next: 51%
Magic:  4/4        EV:  9    Int:  8 (9)  God:
Gold:   128        SH:  4    Dex:  9      Spells: 3/3 levels left

rFire   . . .        Y - +0 war axe
rCold   . . .        c - +0 buckler
rNeg    + . .        b - +0 scale mail
rPois   inf          (no helmet)
rElec   +            e - +0 cloak
rCorr   .            (no gloves)
SInv    .            (no boots)
Will    .....        (no amulet) Stlth
                     (no ring)
HPRegen 0.24/turn    (no ring)
MPRegen 0.09/turn

%: no passive effects
@: no status effects
A: sickness immunity, AC +3, negative energy resistance 1, electricity
resistance, torment resistance 1, petrification resistance
a: no special abilities


You were on level 3 of the Dungeon.
You visited 1 branch of the dungeon, and saw 3 of its levels.

You collected 128 gold pieces.


Innate Abilities, Weirdness & Mutations

You are immune to sickness and miasma.
Your stone body is resilient. (AC +3)
You are immune to poison.
You resist negative energy. (rN+)
You are resistant to electric shocks. (rElec)
You are resistant to unholy torment.
You are immune to petrification.


   Skills:
 - Level 3.2 Fighting
 + Level 4.2 Axes
 - Level 3.2 Armour
 - Level 3.2 Shields


You had 3 spell levels left.
You didn't know any spells.
Your spell library was empty.

Inventory:

Hand Weapons
 j - a +0 whip
 Y - a +0 war axe (weapon)
Armour
 b - a +0 scale mail (worn)
 c - a +0 buckler (worn)
 e - a +0 cloak (worn)
Scrolls
 f - a scroll of identify
Potions
 d - 2 potions of might
 g - a potion of haste {unknown}
 i - a potion of attraction {unknown}

Dungeon Overview and Level Annotations

Branches:
Dungeon (3/15)

Altars:
Sif Muna

Annotations:
D:3 Grinder


Message History

There is a stone staircase leading up here.
Waypoint 2 assigned to D:3.
Found a ring mail and a throwing net.
Found a robe.
Grinder comes into view.
Grinder shouts!
Grinder says, "Mostly I couldn't keep them alive."
Grinder says, "Tell me all your secrets, or I'll kill you."
You block Grinder's attack.
You barely miss Grinder. Grinder hits you but does no damage.
You completely miss Grinder. Grinder hits you.
You writhe in agony.
You closely miss Grinder. You block Grinder's attack.
A worm comes into view.
You hit Grinder.
Grinder is lightly wounded.
Grinder blinks!
Grinder says, "I used to sell toenails on the black market."
You block Grinder's attack.
You slash Grinder!
Grinder is lightly wounded.
Grinder hits you.
You writhe in agony.
You hit Grinder.
Grinder is moderately wounded.
Grinder hits you but does no damage. Grinder barely misses you.
You hit Grinder.
Grinder is moderately wounded.
Grinder hits you.
You writhe in agony.
You hit Grinder.
Grinder is heavily wounded.
You barely miss the worm. Grinder hits you but does no damage.
The worm bites you.
You barely miss Grinder.
Grinder is heavily wounded.
You hit the worm. Grinder barely misses you. The worm bites you.
Grinder hits you.
You writhe in agony.
You die...

...............(...
.........#####..~P~}
.###....## #.~..
.....#.## #.~.##
.####...# #.}.. P
###...### #.}.####.~
#.......# #.~....P.~
#.......#####..w}~~.~~
#..........##.@5......
#.#...####..........##
#.#...# ############ #
#.#.# .....# ###.###


You could see Grinder and a worm.

Vanquished Creatures
  Jessica (D:2)
  4 gnolls (D:2)
  A worm (D:2)
  3 ball pythons
  2 giant cockroaches (D:1)
  3 goblins (D:1)
  2 hobgoblins (D:1)
  A bat (D:1)
  3 frilled lizards
  2 kobolds (D:2)
  2 rats (D:2)
24 creatures vanquished.

Notes
Turn   | Place    | Note
-------+----------+-------------------------------------------
     0 | D:1      | qw the Gargoyle Fighter began the quest for the Orb.
     0 | D:1      | Reached XP level 1. HP: 14/14 MP: 1/1
     0 | D:1      | 0 ||| qw: Version: 0.2-a-98-g5d7165a
     0 | D:1      | 0 ||| qw: Game counter: 73
     0 | D:1      | 0 ||| qw: Always use a shield: true
     0 | D:1      | 0 ||| qw: God list: Okawaru
     0 | D:1      | 0 ||| qw: Allow faded altars: false
     0 | D:1      | 0 ||| qw: Do Orc after D:15 true
     0 | D:1      | 0 ||| qw: Do second Lair branch before Depths: true
     0 | D:1      | 0 ||| qw: Lair rune preference: random
     0 | D:1      | 0 ||| qw: Plans: Normal, Zot:1-4, God:TSO, Crypt, Tomb,
                  | Pan, Slime:5, Hells, Abyss, Win
     0 | D:1      | 0 ||| PLANNING D:1-11
    26 | D:1      | 26 ||| Stepping ~*~*~tactically~*~*~ (stealth).
    40 | D:1      | Reached skill level 2 in Axes
   159 | D:1      | Reached XP level 2. HP: 19/19 MP: 2/2
   691 | D:1      | 691 ||| DROPPING amulet of magic regeneration.
   692 | D:1      | 692 ||| READING 2 scrolls labelled YTEUGGOROHUG.
   693 | D:1      | 693 ||| READING scroll labelled XEERCH ANOELIJUS.
   694 | D:1      | 694 ||| READING scroll labelled ROOMPIN TEEWK.
   695 | D:1      | 695 ||| READING scroll labelled ZIVESOIMNIU.
   696 | D:1      | 696 ||| READING scroll labelled ADOX VAUCZIUFF.
   697 | D:1      | 697 ||| DRINKING 2 fuming coppery potions.
   698 | D:1      | 698 ||| DROPPING scroll of vulnerability.
   699 | D:1      | 699 ||| DROPPING potion of degeneration.
   839 | D:2      | Noticed Jessica
   841 | D:2      | 841 ||| Stepping ~*~*~tactically~*~*~ (hiding).
   849 | D:2      | 849 ||| Stepping ~*~*~tactically~*~*~ (hiding).
   855 | D:2      | 855 ||| Stepping ~*~*~tactically~*~*~ (hiding).
   856 | D:2      | 856 ||| Stepping ~*~*~tactically~*~*~ (hiding).
   860 | D:2      | 860 ||| Stepping ~*~*~tactically~*~*~ (hiding).
   861 | D:2      | 861 ||| Stepping ~*~*~tactically~*~*~ (hiding).
   865 | D:2      | Killed Jessica
   866 | D:2      | Reached skill level 3 in Axes
   866 | D:2      | Reached XP level 3. HP: 19/23 MP: 3/3
  1115 | D:2      | Reached XP level 4. HP: 26/28 MP: 4/4
  1123 | D:2      | 1123 ||| Stepping ~*~*~tactically~*~*~ (stealth).
  1127 | D:2      | 1127 ||| Stepping ~*~*~tactically~*~*~ (stealth).
  1129 | D:2      | 1129 ||| Stepping ~*~*~tactically~*~*~ (stealth).
  1142 | D:2      | Reached skill level 4 in Axes
  1216 | D:2      | 1216 ||| DROPPING +0 club.
  1323 | D:2      | 1323 ||| UPGRADING to +0 cloak.
  1328 | D:2      | 1328 ||| READING scroll labelled HOHOEPL CAPOLU.
  1347 | D:3      | Found a shimmering blue altar of Sif Muna.
  1374 | D:3      | Noticed Grinder
  1386 | D:3      | HP: 5/28 [worm (3)]
  1386 | D:3      | HP: 1/28 [Grinder (4)]
  1386 | D:3      | Slain by Grinder

Levels and vault maps discovered:
D:1:      minmay_arrival_four_circles, layout_loops_ring
D:2:      layout_rooms, kennysheep_decorative_pillar, guppyfry_early_lair_pool,
          uniq_jessica
D:3:      layout_loops_cross, amcnicky_altar_gilded,
          nicolae_elyvilon_peaceful_grove, cheibrodos_ashenzari_chains,
          shapermc_ecumenical_altar_acropolis, minmay_misc_feat_ornament,
          minivault_25, serial_park_tiny_2, uniq_grinder, uniq_robin

Skill      XL: |  1  2  3  4 |
---------------+-------------+-----
Axes           | 2 3 4 |  4.2
Fighting       | |  3.2
Armour         | |  3.2
Shields        | |  3.2

Action                     |  1- 3 |  4- 6 || total
---------------------------+-------+-------++-------
  Melee: War axe           |    82 |    23 ||   105
    Use: Scroll            |     5 |     1 ||     6
         Potion            |     1 |       ||     1
 Armour: Scale mail        |    45 |    12 ||    57
  Dodge: Dodged            |    29 |     9 ||    38
  Block: Buckler           |    11 |     8 ||    19

Table legend:
 A = Non-vault XP
 B = Vault XP
 C = Vault XP percentage of total XP
 D = Non-vault monster count
 E = Vault monster count
 F = Vault count percentage of total count
                 A         B        C        D         E       F
            +---------+---------+-------+---------+---------+-------
      Total |      88 |      37 |  29.6 |      23 |       1 |   4.2
            +---------+---------+-------+---------+---------+-------
        D:1 |      18 |       0 |   0.0 |      10 |       0 |   0.0
        D:2 |      70 |      37 |  34.6 |      13 |       1 |   7.1
            +---------+---------+-------+---------+---------+-------
